 Dungeon Crawl Stone Soup version 0.24.0-29-g8ce449bc06 (webtiles) character file.

Game seed: 10482203362581408268, levelgen mode: deterministic

8311 schauveau the Cleaver (level 11, -5/99 HPs)
             Began as a Minotaur Fighter on Nov 16, 2019.
             Was a High Priest of Okawaru.
             Slain by a wyvern (14 damage)
             ... on level 10 of the Dungeon.
             The game lasted 00:17:35 (9559 turns).

schauveau the Cleaver (Minotaur Fighter)            Turns: 9559, Time: 00:17:35

Health: -5/99      AC: 14    Str: 25    XL:     11   Next: 8%
Magic:  10/10      EV:  7    Int:  5    God:    Okawaru [*****.]
Gold:   607        SH: 12    Dex:  9    Spells: 10/10 levels left

rFire    . . .     SeeInvis +   a - +0 war axe
rCold    . . .     Gourm    .   c - +0 shield
rNeg     . . .     Faith    .   u - +0 chain mail
rPois    .         Spirit   .   (helmet restricted)
rElec    .         Reflect  .   b - +0 cloak
rCorr    .         Harm     .   (no gloves)
MR       +....                  X - +0 pair of boots {Stlth+}
Stlth    ..........             (no amulet)
HPRegen  0.26/turn              M - ring of protection from magic
MPRegen  0.12/turn              S - ring of see invisible

@: no status effects
A: retaliatory headbutt, horns 2
a: Heroism, Finesse, Renounce Religion


You were on level 10 of the Dungeon.
You worshipped Okawaru.
Okawaru was extremely pleased with you.
You were not hungry.

You visited 2 branches of the dungeon, and saw 11 of its levels.
You also visited: Ossuary.

You collected 607 gold pieces.

Inventory:

Hand Weapons
 a - a +0 war axe (weapon)
 A - a +0 war axe
 K - a +4 flail of freezing
 P - a +2 spear of venom
 Q - a +7 spear
Missiles
 g - 90 poisoned darts
 j - a throwing net
 F - 16 boomerangs (quivered)
 O - 8 atropa-tipped darts
Armour
 b - a +0 cloak (worn)
 c - a +0 shield (worn)
 u - a +0 chain mail (worn)
 X - a +0 pair of boots of stealth (worn)
Jewellery
 t - an uncursed ring of protection from fire
 x - an uncursed ring of resist corrosion
 J - an uncursed ring of poison resistance
 M - a ring of protection from magic (left hand)
 S - a ring of see invisible (right hand)
Wands
 y - a wand of iceblast (6)
 E - a wand of flame (17)
 H - a wand of polymorph (29)
 T - a wand of acid (9)
Scrolls
 f - 4 scrolls of enchant weapon
 k - 3 scrolls of enchant armour {unknown}
 m - a scroll of holy word {unknown}
 n - 2 scrolls of fog {unknown}
 o - 6 scrolls of remove curse
 p - 2 scrolls of immolation {unknown}
 v - 3 scrolls of blinking
 w - a scroll of teleportation {unknown}
 B - a scroll of magic mapping
 L - 2 scrolls of identify
 R - a scroll of amnesia {unknown}
 U - a scroll of random uselessness {unknown}
 W - a scroll of fear {unknown}
Potions
 d - 2 potions of might
 e - a potion of flight {unknown}
 h - a potion of agility {unknown}
 i - 6 potions of curing
 l - 4 potions of lignification
 q - a potion of invisibility {unknown}
 r - 2 potions of mutation {unknown}
 z - a potion of berserk rage {unknown}
 C - 4 potions of degeneration {unknown}
 D - a potion of haste {unknown}
 G - a potion of brilliance {unknown}
 I - a potion of experience {unknown}
 N - a potion of magic {unknown}
Comestibles
 s - 19 rations


   Skills:
 + Level 9.9 Fighting
 * Level 12.9 Axes
 + Level 9.8 Armour
 + Level 9.9 Shields


You had 10 spell levels left.
You didn't know any spells.
Your spell library was empty.

Dungeon Overview and Level Annotations

Branches:
Dungeon (10/15)            Temple (1/1) D:4         Ossuary (visited)
   Lair: D:8-11         Orc: D:9-12

Altars:
Ashenzari
Cheibriados
Dithmenos
Elyvilon
Fedhas
Gozag
Hepliaklqana
Kikubaaqudgha
Makhleb
Nemelex Xobeh
Okawaru
Qazlal
Ru
Sif Muna
Trog
Uskayaw
Vehumet
Wu Jian
Xom
Yredelemnul
Zin
The Shining One

Annotations:
D:10 Erica


Innate Abilities, Weirdness & Mutations

You reflexively headbutt those who attack you in melee.
You have a pair of horns on your head.


Message History

* * * LOW HITPOINT WARNING * * *
You block the wyvern's attack.
You completely miss Erica.
Erica is heavily wounded.
You closely miss the wyvern. You block the wyvern's attack.
Erica hits you with a +2 scimitar of flaming.
* * * LOW HITPOINT WARNING * * *
Erica burns you.
* * * LOW HITPOINT WARNING * * *
The wyvern barely misses you.
You feel better. The wyvern bites you!
* * * LOW HITPOINT WARNING * * *
Erica barely misses you. The wyvern bites you!
* * * LOW HITPOINT WARNING * * *
You feel better.
You feel yourself speed up. The wyvern bites you.
* * * LOW HITPOINT WARNING * * *
Erica hits you but does no damage. The wyvern bites you!
You die...

.# #.....##...........#
... ##...............l..#
#.##........###....z....
#..#........##..........
#............##..z.....#
##............##.........
##.............###(.......
#..............)#.(.......
#.##.......#..@@z....##..
#........#.l##.........
#<.........z...##.....#
.........#.###......
##....
.##...####..#........ ....
..##.. .....#...#... ...
... #.. .....#...#.... ..
.. #... ........#..... #
#...


You could see Erica (invisible), a wyvern and 2 wights.

Vanquished Creatures
  A centaur warrior (D:10)
  An unseen horror (D:9)
  A centaur skeleton (D:10)
  A troll (D:9)
  Prince Ribbit (D:8)
  A hippogriff (D:7)
  2 wyverns
  A spriggan (D:7)
  8 yaks
  A hungry ghost (D:8)
  Edmund (D:6)
  Duvessa (D:7)
  An orc warrior (D:9)
  A sky beast (D:9)
  4 phantoms
  An ogre (D:8)
  4 centaurs
  4 big kobolds
  4 bullfrogs
  An elf zombie (Ossuary)
  A gnoll sergeant (D:6)
  Dowan (D:7)
  5 scorpions
  6 howler monkeys
  18 wights
  7 crimson imps
  2 centaur zombies (Ossuary)
  2 hounds
  A bullfrog zombie (D:9)
  Crazy Yiuf (D:5)
  A bullfrog skeleton (D:5)
  3 jellies
  7 orc wizards
  Jessica (D:3)
  3 iguanas
  4 worker ants
  3 ogre zombies (Ossuary)
  A hound skeleton (D:7)
  7 mummies (Ossuary)
  8 gnolls
  2 howler monkey skeletons
  7 adders
  A shadow imp (D:5)
  2 oozes
  6 adder zombies
  3 worms
  2 dart slugs
  6 leopard geckos
  18 orcs
  A bat zombie (D:1)
  5 giant cockroaches
  4 goblins
  4 hobgoblins
  2 jackals (D:6)
  21 kobolds
  3 quokkas
  4 ball pythons
  5 bats
  8 frilled lizards
  3 goblin zombies (Ossuary)
  2 hobgoblin zombies (Ossuary)
  5 kobold zombies (Ossuary)
  A leopard gecko skeleton (D:7)
  A quokka zombie (Ossuary)
  2 rats
  4 rat zombies (Ossuary)
244 creatures vanquished.

Vanquished Creatures (others)
  A human (D:7)
1 creature vanquished.

Grand Total: 245 creatures vanquished

Notes
Turn   | Place    | Note
-------+----------+-------------------------------------------
     0 | D:1      | schauveau the Minotaur Fighter began the quest for the Orb.
     0 | D:1      | Reached XP level 1. HP: 19/19 MP: 0/0
   167 | D:1      | Reached XP level 2. HP: 24/27 MP: 1/1
   411 | D:3      | Reached skill level 3 in Axes
   434 | D:3      | Found a blossoming altar of Fedhas.
   499 | D:3      | You fall into a shaft and drop 3 floors!
   499 | D:6      | Found a sand-covered staircase.
   503 | D:6      | Noticed a bullfrog
   511 | D:6      | Killed a bullfrog
   511 | D:6      | Reached XP level 3. HP: 18/33 MP: 2/2
   511 | D:6      | Reached XP level 4. HP: 22/40 MP: 3/3
   519 | Ossuary  | Entered an ossuary
   656 | Ossuary  | Reached skill level 4 in Axes
   963 | Ossuary  | Reached XP level 5. HP: 35/47 MP: 4/4
  1184 | Ossuary  | Reached skill level 5 in Axes
  1341 | Ossuary  | Reached XP level 6. HP: 36/55 MP: 5/5
  1553 | Ossuary  | Reached skill level 5 in Fighting
  1553 | Ossuary  | Reached skill level 5 in Armour
  1553 | Ossuary  | Reached skill level 5 in Shields
  1720 | D:5      | Entered Level 5 of the Dungeon
  1960 | D:4      | Reached skill level 6 in Axes
  1960 | D:4      | Reached XP level 7. HP: 50/61 MP: 6/6
  2058 | D:4      | Found a staircase to the Ecumenical Temple.
  2077 | Temple   | Entered the Ecumenical Temple
  2139 | Temple   | Became a worshipper of Warmaster Okawaru
  2502 | D:3      | Noticed Jessica
  3125 | D:2      | Found an ancient bone altar of Kikubaaqudgha.
  3253 | D:2      | Reached skill level 7 in Axes
  3792 | D:3      | Killed Jessica
  3793 | D:3      | Found a shimmering blue altar of Sif Muna.
  3873 | D:3      | Found a shadowy altar of Dithmenos.
  4850 | D:5      | Reached XP level 8. HP: 65/70 MP: 7/7
  5130 | D:5      | Reached skill level 8 in Axes
  5138 | D:5      | Reached * piety under Okawaru
  5303 | D:5      | Found a runed translucent door.
  5304 | D:5      | Noticed Crazy Yiuf
  5311 | D:5      | Killed Crazy Yiuf
  5489 | D:6      | Noticed Edmund
  5518 | D:6      | Killed Edmund
  5531 | D:6      | Reached skill level 9 in Axes
  5589 | D:6      | Reached ** piety under Okawaru
  5592 | D:6      | Reached XP level 9. HP: 31/79 MP: 8/8
  5834 | D:6      | HP: 3/79 [poisoned by a gnoll]
  5841 | D:6      | HP: 3/79 [poisoned by a gnoll]
  6466 | D:7      | Reached skill level 10 in Axes
  6738 | D:7      | Reached *** piety under Okawaru
  6847 | D:7      | Noticed Duvessa
  6847 | D:7      | Noticed Dowan
  6852 | D:7      | Killed Duvessa
  6869 | D:7      | Killed Dowan
  7004 | D:7      | Found an ornate altar of the Wu Jian Council.
  7165 | D:7      | Found a glowing silver altar of Zin.
  7174 | D:7      | Found an ancient bone altar of Kikubaaqudgha.
  7359 | D:8      | Reached skill level 11 in Axes
  7363 | D:8      | Reached XP level 10. HP: 75/90 MP: 9/9
  7466 | D:8      | Found a hide-covered altar of Uskayaw.
  7467 | D:8      | Found a radiant altar of Vehumet.
  7467 | D:8      | Found an opulent altar of Gozag.
  7468 | D:8      | Found a white marble altar of Elyvilon.
  7468 | D:8      | Found a shimmering altar of Xom.
  7609 | D:8      | Found a sacrificial altar of Ru.
  7687 | D:8      | Found a hazy altar of Hepliaklqana.
  8043 | D:8      | Noticed Prince Ribbit
  8052 | D:8      | Killed Prince Ribbit
  8155 | D:8      | Reached **** piety under Okawaru
  8864 | D:9      | Noticed an unseen horror
  8874 | D:9      | Killed an unseen horror
  8874 | D:9      | Reached ***** piety under Okawaru
  8874 | D:9      | Reached skill level 12 in Axes
  9273 | D:9      | Received a gift from Okawaru
  9513 | D:10     | Entered Level 10 of the Dungeon
  9537 | D:10     | Noticed Erica
  9537 | D:10     | Noticed a centaur warrior
  9553 | D:10     | Killed a centaur warrior
  9553 | D:10     | Reached XP level 11. HP: 53/99 MP: 10/10
  9558 | D:10     | HP: 3/99 [wyvern (7)]
  9559 | D:10     | Slain by a wyvern

Levels and vault maps discovered:
D:1:      saegor_arrival_fortress, layout_basic
D:2:      layout_loops_ring, overflow_temple_1_default
D:3:      layout_loops_cross, nicolae_overflow_crystal_walls, tgw_sif,
          nicolae_dithmenos_shadow_blocks
D:4:      layout_layer_cave, minmay_temple_entry_tees
D:5:      minmay_octagon_keep, layout_basic, first_ration,
          uniq_crazy_yiuf_cottage
D:6:      layout_rooms, nicolae_ossuary_entry_monument, uniq_edmund
D:7:      layout_cave_pools, zin_academy, old_standard_altar, minivault_27,
          the_bakery, tgw_kikubaaqudgha, uniq_duvessa
D:8:      layout_loops_corners, kennysheep_little_box,
          lemuel_coloured_pillars_altar, grunt_temple_overflow_open,
          eino_tiny_chamber, uniq_prince_ribbit1
D:9:      layout_basic
D:10:     layout_cave_pools, minmay_lair_entry_grove, uniq_erica
Temple:   jpeg_temple_island

Skill      XL: |  1  2  3  4  5  6  7  8  9 10 |
---------------+-------------------------------+-----
Axes           | 3 4 5 6 7 9 11 12 | 12.9
Fighting       | 4 5 6 7 8 9 |  9.9
Armour         | 4 5 6 7 8 9 |  9.8
Shields        | 4 5 6 7 8 9 |  9.9

Action                   |  1- 3 |  4- 6 |  7- 9 | 10-12 || total
-------------------------+-------+-------+-------+-------++-------
Melee: War axe           |    37 |   135 |   484 |   241 ||   897
       Headbutt          |     3 |    24 |    90 |    54 ||   171
Throw: Boomerang         |       |       |     3 |       ||     3
  Use: Scroll            |       |     5 |     5 |       ||    10
       Potion            |       |       |     2 |     2 ||     4
  Eat: Ration            |       |     1 |     3 |     1 ||     5
       Chunk             |       |       |     8 |     6 ||    14
Armor: Scale mail        |    24 |    30 |       |       ||    54
       Chain mail        |       |    14 |   218 |    98 ||   330
Dodge: Dodged            |    14 |    34 |   100 |    59 ||   207
Block: Shield            |    19 |    48 |   241 |   130 ||   438
